 Dungeon Crawl Stone Soup version 0.24-a0-27-gca774cb5d5 (webtiles) character file.

Game seed: 12558236578855502709

383 Flugslaktarn the Chopper (level 6, -2/55 HPs)
             Began as a Deep Dwarf Fighter on Feb 2, 2019.
             Was an Initiate of Makhleb.
             Slain by an ogre
             ... wielding a +0 giant club
              (5 damage)
             ... on level 5 of the Dungeon.
             The game lasted 00:01:30 (1492 turns).

Flugslaktarn the Chopper (Deep Dwarf Fighter)       Turns: 1492, Time: 00:01:31

Health: -2/55      AC:  6    Str: 22      XL:     6   Next: 47%
Magic:  5/5        EV:  7    Int:  8      God:    Makhleb [......]
Gold:   100        SH:  9    Dex:  8 (12) Spells: 5/5 levels left

rFire    . . .     SeeInvis .   a - +0 war axe
rCold    . . .     Gourm    .   c - +0 shield
rNeg     . . .     Faith    .   b - +0 scale mail
rPois    .         Spirit   .   (no helmet)
rElec    .         Reflect  .   h - scarf {repulsion}
rCorr    .         Harm     .   (no gloves)
MR       .....                  (no boots)
Stlth    ..........             l - amulet of magic regeneration
HPRegen  0.00/turn              (no ring)
MPRegen  0.34/turn              (no ring)

@: non-regenerating, repel missiles
A: damage resistance, heal wounds, sense surroundings 1, no regeneration
a: Heal Wounds, Renounce Religion


You were on level 5 of the Dungeon.
You worshipped Makhleb.
Makhleb was noncommittal.
You were not hungry.

You visited 2 branches of the dungeon, and saw 6 of its levels.

You collected 100 gold pieces.

Inventory:

Hand Weapons
 a - a +0 war axe (weapon)
Armour
 b - a +0 scale mail (worn)
 c - a +0 shield (worn)
 h - a scarf of repulsion (worn)
Jewellery
 l - an amulet of magic regeneration (around neck)
Scrolls
 e - a scroll of blinking {unknown}
 g - a scroll of remove curse {unknown}
 i - 2 scrolls of teleportation {unknown}
 m - 2 scrolls of identify {unknown}
 n - a scroll of fear {unknown}
Potions
 d - a potion of might {@q4}
 j - a potion of heal wounds {unknown}
 k - a potion of curing {@q1}
 o - a potion of lignification {unknown}
 p - a potion of haste {unknown}
 q - a potion of magic {unknown}
 r - 2 potions of degeneration {unknown}
Comestibles
 f - 7 rations {@e1}


   Skills:
 + Level 2.6 Fighting
 * Level 7.7 Axes
 + Level 3.2 Armour
 - Level 3.2 Shields
 + Level 0.0 Invocations


You had 5 spell levels left.
You didn't know any spells.
Your spell library was empty.

Dungeon Overview and Level Annotations

Branches:
Dungeon (5/15)             Temple (1/1) D:5

Altars:
Dithmenos
Elyvilon
Fedhas
Gozag
Makhleb
Nemelex Xobeh
Qazlal
Sif Muna
Uskayaw
Wu Jian
Xom
Yredelemnul
The Shining One

Shops:
D:4 %


Innate Abilities, Weirdness & Mutations

You are resistant to damage.
You can heal yourself by infusing magical energy.
You passively map a small area around you.
You do not regenerate.


Message History

You are too injured to fight recklessly!
You are too injured to fight recklessly!
You are too injured to fight recklessly!
You are too injured to fight recklessly!
Your magical essence is drained by the effort!
You feel much better. You block the ogre's attack.
You hit the ogre but do no damage.
The ogre is moderately wounded.
The ogre hits you with a +0 giant club!!
* * * LOW HITPOINT WARNING * * *
You are too injured to fight recklessly!
You are too injured to fight recklessly!
Your shield and scale mail prevent you from hitting the ogre.
The ogre is moderately wounded.
The ogre hits you with a +0 giant club!
* * * LOW HITPOINT WARNING * * *
You slash the ogre!
The ogre is severely wounded.
The ogre hits you with a +0 giant club!
You die...

....###.## #.........,
#.#* #........#** ,
#.#** * #..#####.# #.# *
#..#####.####.##.# #
#............>##.# .##
#..#####.#######.###...#
#..# #.# #O....... ,
#..# #.# #@.# * #..#
#.#######..# ,
#..#####..........###.
#...........<.........#
#.................#####
#################


You could see an ogre.

Vanquished Creatures
  Grinder (D:4)
  A scorpion (D:4)
  A quasit (D:5)
  A centaur skeleton (D:4)
  A worker ant (D:4)
  2 adders (D:4)
  A worm (D:2)
  2 dart slugs
  A leopard gecko (D:3)
  3 orcs
  A ball python (D:3)
  2 giant cockroaches
  2 goblins
  2 hobgoblins (D:1)
  8 jackals
  4 kobolds
  A quokka (D:3)
  5 bats
  A frilled lizard (D:5)
  4 rats
44 creatures vanquished.

Notes
Turn   | Place    | Note
-------+----------+-------------------------------------------
     0 | D:1      | Flugslaktarn the Deep Dwarf Fighter began the quest for the
                  | Orb.
     0 | D:1      | Reached XP level 1. HP: 20/20 MP: 1/1
   172 | D:1      | Reached skill level 3 in Axes
   205 | D:1      | Reached XP level 2. HP: 27/27 MP: 2/2
   345 | D:3      | Reached XP level 3. HP: 24/33 MP: 3/3
   346 | D:3      | Reached skill level 4 in Axes
   469 | D:4      | Noticed Grinder
   483 | D:4      | Paralysed by Grinder for 6 turns
   497 | D:4      | Paralysed by Grinder for 2 turns
   499 | D:4      | Killed Grinder
   499 | D:4      | Reached skill level 6 in Axes
   499 | D:4      | Reached XP level 4. HP: 24/40 MP: 4/4
   499 | D:4      | Reached XP level 5. HP: 28/46 MP: 5/5
   540 | D:4      | Reached skill level 7 in Axes
   540 | D:4      | Reached XP level 6. HP: 29/55 MP: 6/6
   889 | D:4      | Found Rozufof's Food Emporium.
  1205 | D:5      | Entered Level 5 of the Dungeon
  1316 | D:5      | Found a staircase to the Ecumenical Temple.
  1367 | Temple   | Entered the Ecumenical Temple
  1426 | Temple   | Became a worshipper of Makhleb the Destroyer
  1492 | D:5      | Slain by an ogre

Vault maps used:
D:1:      minmay_arrival_glassed_features
D:2:      okawaru_ov_weapons_minmay
D:3:      old_standard_altar, first_ration, st_stairs_8, trog_wizard
D:4:      serial_shops, nicolae_shop_crystal, kennysheep_cross_bottleneck,
          hex_tiny, uniq_grinder
D:5:      grunt_temple_overflow_cloverleaf, minmay_temple_entry_antechambers
Temple:   dshaligram_water_room_temple

Skill      XL: |  1  2  3  4  5 |
---------------+----------------+-----
Axes           | 3 6 7 |  7.7
Fighting       | |  2.6
Armour         | |  3.2
Shields        | |  3.2

Action                   |  1- 3 |  4- 6 || total
-------------------------+-------+-------++-------
Melee: War axe           |   106 |    71 ||   177
 Abil: Heal Wounds       |     4 |     3 ||     7
  Eat: Chunk             |       |     2 ||     2
Armor: Scale mail        |    46 |    42 ||    88
Dodge: Dodged            |    38 |    21 ||    59
       Deflected         |     1 |       ||     1
Block: Shield            |    59 |    49 ||   108

Table legend:
 A = Non-vault XP
 B = Vault XP
 C = Vault XP percentage of total XP
 D = Non-vault monster count
 E = Vault monster count
 F = Vault count percentage of total count
                 A         B        C        D         E       F
            +---------+---------+-------+---------+---------+-------
      Total |     290 |     258 |  47.1 |      43 |       1 |   2.3
            +---------+---------+-------+---------+---------+-------
        D:1 |      14 |       0 |   0.0 |       8 |       0 |   0.0
        D:2 |      20 |       0 |   0.0 |       9 |       0 |   0.0
        D:3 |      27 |       0 |   0.0 |      13 |       0 |   0.0
        D:4 |     181 |     258 |  58.8 |      10 |       1 |   9.1
        D:5 |      48 |       0 |   0.0 |       3 |       0 |   0.0
            +---------+---------+-------+---------+---------+-------
